Map: Disco Bloodbath LE

Players

lIIllllIIlll (INnoVation) - Winner!

  • Race: Terran Terran
  • League: Master
  • Spawn Location: 9:00

Serral

  • Race: Zerg Zerg
  • League: Master
  • Spawn Location: 3:00

Event: HomeStory Cup XX

VOD

Have the link to the VOD?

Description

Time

  • Played on: Nov. 24, 2019, 7:57 a.m.
  • Length: 15:52

All games in this series

Show
View Real Time Build Order
Export as new Build Order

lIIllllIIlll Terran - Winner!

Build Orders: Hellion Opening, Reaper Expand 

Get SALT Encoding   

  12  0:00  SCV  
  13  0:12  SCV  
  14  0:16  Supply Depot  
  14  0:24  SCV  
  15  0:38  SCV  
  15  0:40  Barracks  
  15  0:42  Refinery  
  16  0:50  SCV  
  17  1:02  SCV  
  18  1:14  SCV  
  19  1:27  Orbital Command, Reaper  
  20  1:38  Command Center  
  20  1:47  Supply Depot  
  20  1:52  SCV  
  21  1:58  Marine  
  22  2:04  SCV  
  22  2:06  Factory  
  23  2:10  Refinery  
  23  2:16  SCV  
  23  2:19  Barracks Reactor  
  24  2:28  SCV  
  25  2:41  SCV  
  26  2:49  Orbital Command  
  26  2:50  Starport  
  26  2:53  SCV  
  26  2:58  Hellion x2  
  31  3:01  Marine  
  31  3:05  SCV  
  33  3:16  SCV  
  33  3:17  SCV  
  33  3:19  Hellion  
  39  3:20  Hellion  
  39  3:24  Supply Depot  
  39  3:27  Fusion Core  
  39  3:28  SCV  
  39  3:29  SCV  
  41  3:38  Supply Depot  
  41  3:41  Hellion x2  
  45  3:44  SCV  
  45  3:45  Starport Tech Lab, SCV  
  47  3:56  SCV  
  47  3:58  SCV  
  47  4:02  Hellion x2  
  53  4:11  SCV  
  53  4:12  SCV  
  53  4:14  Battlecruiser  
  61  4:23  Supply Depot  
  61  4:24  SCV x2  
  62  4:27  Barracks Tech Lab  
  62  4:33  Command Center  
  62  4:39  Supply Depot  
  62  4:41  Factory Reactor  
  62  4:45  SCV x2  
  64  4:49  Marine, Stimpack  
  64  4:51  Barracks  
  65  4:57  SCV x2  
  65  5:03  Barracks  
  65  5:05  Refinery, Engineering Bay  
  65  5:06  Engineering Bay  
  65  5:09  SCV x2  
  65  5:12  Marine, Refinery  
  68  5:24  SCV  
  68  5:25  SCV  
  70  5:30  Marine  
  70  5:33  Starport Reactor  
  71  5:39  SCV x2  
  69  5:43  Terran Infantry Weapons Level 1, Terran Infantry Armor Level 1  
  69  5:46  Orbital Command  
  69  5:51  Marine x2, SCV x2  
  69  5:52  Marine, Barracks x2  
  69  5:54  Siege Tank  
  77  6:03  SCV x2  
  79  6:05  Marine  
  79  6:06  Marine  
  79  6:08  Marine  
  79  6:09  Marine  
  79  6:10  Marine, Medivac  
  79  6:11  Medivac  
  88  6:17  SCV x2  
  80  6:19  Orbital Command  
  80  6:22  Supply Depot  
  80  6:26  Marine x4, Siege Tank  
  80  6:27  Marine  
  80  6:29  Combat Shield  
  80  6:32  SCV x2  
  90  6:42  Barracks Reactor  
  90  6:43  Supply Depot x2  
  90  6:44  Barracks Reactor, SCV x2  
  90  6:45  SCV  
  93  6:51  Armory  
  93  6:54  Marine x3  
  93  6:55  Marine x2  
  93  6:56  SCV  
  93  6:57  SCV x2  
  93  6:59  Refinery  
  93  7:00  Refinery  
  101  7:04  Siege Tank  
  104  7:10  Supply Depot, SCV x2  
  104  7:11  Supply Depot, SCV  
  104  7:14  Marine x3, Supply Depot  
  104  7:15  Marine  
  111  7:20  Medivac x2  
  115  7:24  SCV x2  
  117  7:32  SCV  
  117  7:34  Factory, Supply Depot  
  118  7:40  SCV x2  
  120  7:44  SCV  
  120  7:46  Marine, Missile Turret  
  120  7:47  Marine  
  121  7:51  Terran Infantry Weapons Level 2, Terran Infantry Armor Level 2  
  121  7:52  Missile Turret  
  121  7:55  SCV x2  
  114  8:06  SCV  
  114  8:07  SCV x2  
  113  8:16  Marine  
  113  8:18  SCV  
  113  8:19  SCV x2  
  117  8:23  Thor  
  117  8:24  Factory Reactor  
  117  8:25  Drilling Claws  
  117  8:26  Marine x7  
  130  8:32  SCV x2  
  130  8:33  SCV  
  131  8:36  Supply Depot  
  131  8:39  Medivac, Missile Turret  
  132  8:41  Medivac  
  132  8:43  Marine  
  135  8:49  SCV x2  
  135  8:50  Marine, Supply Depot  
  135  8:51  Marine  
  135  8:52  Marine  
  140  8:57  Marine  
  140  8:58  Sensor Tower  
  140  8:59  Marine  
  140  9:00  Marine x3  
  145  9:06  Widow Mine x2, Siege Tank  
  152  9:14  Medivac x2  
  156  9:19  Marine  
  156  9:21  Marine x3, Command Center  
  160  9:25  Supply Depot  
  160  9:26  Supply Depot  
  162  9:31  Widow Mine x2  
  162  9:36  Marine  
  165  9:46  Marine x6, Barracks  
  165  9:47  Marauder, Barracks  
  165  9:48  Barracks  
  165  9:50  Siege Tank  
  171  10:04  Marine x2  
  171  10:05  SCV x2  
  171  10:06  SCV  
  165  10:13  Marine x2  
  165  10:14  Marine x2  
  164  10:15  Widow Mine  
  164  10:16  Widow Mine  
  164  10:17  Marauder  
  164  10:19  Marine  
  140  10:21  Marine  
  140  10:22  Marine  
  140  10:24  SCV x3  
  142  10:29  Siege Tank  
  142  10:35  Planetary Fortress  
  145  10:36  Missile Turret  
  145  10:37  Widow Mine  
  145  10:38  Widow Mine, Marauder  
  145  10:39  Barracks Tech Lab x3  
  151  10:46  Marine x2  
  151  10:48  Marine x5  
  151  10:49  Medivac  
  160  10:50  Medivac  
  156  11:01  Marauder x4  
  156  11:02  Concussive Shells  
  164  11:08  Widow Mine x2  
  164  11:09  Marine, Siege Tank  
  164  11:10  Marine x4  
  164  11:11  Marine x3  
  173  11:22  Marauder x2  
  173  11:23  Marauder, Supply Depot  
  173  11:24  Supply Depot  
  173  11:25  Terran Vehicle And Ship Armor Level 1, Terran Infantry Weapons Level 3, Terran Infantry Armor Level 3  
  179  11:27  Marine, Supply Depot  
  179  11:32  Refinery  
  180  11:33  Refinery  
  180  11:40  Marine  
  180  11:41  Marine  
  180  11:43  Marauder, Widow Mine  
  180  11:44  Marine, Medivac x2  
  180  11:45  Widow Mine x2, Marauder x2, Marine x2  
  194  11:52  SCV x3  
  190  12:03  Marine  
  190  12:04  Marauder x2, Marine  
  190  12:06  Marauder  
  190  12:07  Marauder, Sensor Tower  
  190  12:08  SCV x3  
  196  12:10  Command Center  
  192  12:17  Widow Mine x2  
  192  12:18  Widow Mine  
  192  12:20  SCV  
  184  12:23  Marine x3  
  184  12:25  Marauder x2  
  156  12:31  Marauder x2, Marine  
  156  12:32  Marine x3  
  156  12:36  Marine  
  164  12:38  Thor  
  164  12:39  Widow Mine  
  164  12:40  Marine  
  164  12:42  Medivac x2  
  177  12:46  Marauder  
  177  12:47  Marine  
  177  12:48  Marine x2  
  177  12:49  Marine x4  
  177  12:50  Widow Mine  
  184  12:57  Marine  
  184  12:58  Marine x3  
  187  13:00  Widow Mine  
  190  13:16  Marine x2, Marauder x3  
  190  13:17  Marauder  
  200  13:25  Medivac  
  200  13:32  Marine x3  
  195  13:36  Starport  
  195  13:38  Marauder x2  
  195  13:39  Fusion Core  
  199  13:41  Starport  
  193  13:58  Marauder x2  
  193  13:59  Marauder, Widow Mine x2, Marine, Thor  
  193  14:00  Marine x5  
  193  14:02  Marine  
  186  14:05  Marine x2  
  187  14:15  Medivac  
  187  14:16  Medivac  
  188  14:17  Marine x3  
  188  14:21  Widow Mine x2  
  192  14:30  Starport Reactor x2, Advanced Ballistics  
  192  14:32  Marine  
  192  14:33  Marine  
  192  14:37  Missile Turret  
  194  14:41  Planetary Fortress  
  194  14:42  Widow Mine x3  
  200  14:48  SCV  
  200  14:49  SCV x2  
  192  14:54  Marine, Missile Turret  
  192  14:58  Marine x2  
  195  15:00  Marine x2  
  195  15:01  SCV x3  
  196  15:15  Widow Mine  
  196  15:19  Marine x2  
  196  15:21  Marine x2  
  197  15:27  Widow Mine  
  188  15:33  Marine  
  170  15:38  SCV x3  
Show
View Real Time Build Order
Export as new Build Order

Serral Zerg 

Build Orders: Hatch First, Muta Ling Bane 

Get SALT Encoding   

  12  0:00  Drone  
  13  0:12  Overlord  
  13  0:17  Drone  
  14  0:30  Drone x2  
  16  0:47  Hatchery  
  15  0:51  Drone  
  15  0:55  Drone  
  17  0:58  Drone  
  18  1:09  Extractor  
  17  1:13  Spawning Pool  
  17  1:16  Drone  
  17  1:19  Drone  
  18  1:27  Drone  
  19  1:38  Drone  
  20  1:48  Drone  
  21  1:59  Queen x2  
  21  2:00  Zergling x4  
  27  2:14  Hatchery  
  26  2:17  Overlord  
  26  2:21  Drone  
  27  2:24  Drone  
  27  2:28  Metabolic Boost  
  28  2:36  Drone x3  
  31  2:44  Queen  
  31  2:49  Overlord  
  31  2:51  Drone  
  34  2:53  Drone  
  34  2:55  Drone  
  36  3:08  Drone x2  
  36  3:09  Drone x2  
  36  3:10  Drone  
  41  3:14  Drone  
  42  3:20  Queen  
  42  3:23  Overlord  
  42  3:26  Queen  
  46  3:28  Zergling x2  
  46  3:32  Overlord  
  46  3:33  Zergling x2  
  48  3:36  Drone  
  48  3:37  Drone  
  50  3:41  Drone  
  50  3:42  Drone x3  
  50  3:48  Zergling x4  
  55  3:55  Drone x4  
  59  4:02  Queen  
  60  4:05  Zergling x4  
  60  4:06  Drone  
  63  4:13  Drone x2  
  65  4:17  Overlord  
  65  4:20  Overlord  
  65  4:21  Lair  
  65  4:22  Overlord  
  65  4:25  Roach Warren  
  65  4:27  Overlord  
  65  4:28  Drone  
  65  4:30  Overlord  
  65  4:34  Overlord  
  65  4:36  Drone x4  
  65  4:37  Drone  
  70  4:41  Extractor  
  70  4:42  Extractor, Queen  
  70  4:48  Zergling x6  
  70  4:52  Zergling x2  
  74  4:53  Drone x3  
  74  4:58  Drone  
  74  4:59  Drone x2  
  77  5:03  Spore Crawler  
  76  5:07  Spore Crawler  
  76  5:09  Spore Crawler  
  76  5:12  Roach x3  
  79  5:15  Queen  
  79  5:18  Roach  
  79  5:20  Roach  
  85  5:27  Overlord  
  87  5:28  Drone x5  
  90  5:40  Drone x4  
  89  5:45  Extractor, Spire  
  89  5:47  Overseer  
  89  5:49  Overlord  
  87  5:50  Drone  
  87  5:54  Extractor x2  
  87  5:56  Drone x2  
  88  5:57  Drone x2  
  88  5:58  Drone  
  89  6:04  Glial Reconstitution  
  89  6:06  Roach x2  
  89  6:07  Evolution Chamber  
  89  6:09  Zergling x2  
  89  6:10  Zergling x2  
  94  6:16  Drone x3  
  94  6:19  Drone  
  94  6:20  Spore Crawler, Drone x2  
  94  6:25  Overlord  
  96  6:26  Drone  
  96  6:27  Drone  
  96  6:29  Overlord  
  96  6:31  Overlord  
  98  6:35  Evolution Chamber  
  98  6:36  Zerg Ground Armor Level 1  
  98  6:38  Drone  
  98  6:45  Roach x4  
  106  6:52  Roach  
  108  7:02  Mutalisk x5  
  108  7:04  Mutalisk x2  
  108  7:08  Hatchery  
  120  7:12  Roach x3  
  120  7:15  Overlord  
  126  7:16  Ravager  
  126  7:17  Zergling x4  
  126  7:19  Zergling x6  
  126  7:20  Ravager  
  133  7:23  Ravager  
  134  7:31  Zergling x10, Baneling Nest  
  134  7:33  Zerg Melee Weapons Level 1  
  138  7:43  Overlord  
  138  7:48  Mutalisk x2  
  138  7:51  Mutalisk  
  142  7:55  Mutalisk  
  142  7:56  Overlord  
  146  8:01  Overlord  
  146  8:02  Overlord  
  146  8:03  Drone x5  
  146  8:04  Drone x2  
  146  8:05  Drone  
  154  8:17  Mutalisk x3  
  152  8:23  Mutalisk  
  152  8:26  Drone x3  
  157  8:27  Overlord  
  157  8:28  Mutalisk  
  157  8:31  Queen  
  161  8:37  Overlord x2  
  161  8:44  Drone x2  
  161  8:46  Centrifical Hooks  
  161  8:48  Zerg Flyer Weapons Level 1  
  163  8:49  Hatchery  
  163  8:55  Zergling x18  
  163  8:56  Zergling x16  
  178  9:07  Ravager  
  177  9:11  Baneling x9  
  177  9:12  Zergling x12  
  177  9:13  Zergling x4  
  185  9:17  Zergling x8  
  185  9:22  Zerg Ground Armor Level 2  
  188  9:28  Baneling x3  
  188  9:29  Baneling x4  
  188  9:35  Drone  
  188  9:36  Extractor, Drone x3  
  191  9:42  Zerg Melee Weapons Level 2  
  191  9:44  Zergling x2  
  191  9:45  Zergling x14  
  199  9:49  Infestation Pit  
  196  9:57  Baneling x8  
  187  10:05  Zergling x26  
  184  10:08  Baneling x7  
  184  10:09  Baneling  
  176  10:18  Zergling x6  
  176  10:19  Zergling x24  
  160  10:23  Queen  
  160  10:24  Queen  
  160  10:25  Extractor  
  160  10:26  Baneling x4  
  160  10:28  Drone x3  
  166  10:33  Hive  
  166  10:37  Mutalisk x2  
  170  10:45  Baneling x8  
  170  10:48  Drone x4  
  170  10:49  Drone  
  175  10:50  Mutalisk  
  175  10:51  Zergling x16  
  181  11:02  Overseer  
  179  11:06  Overseer x2  
  179  11:12  Queen  
  174  11:19  Drone x7  
  174  11:20  Mutalisk x3  
  174  11:24  Zerg Flyer Weapons Level 2  
  187  11:27  Zergling x24  
  199  11:38  Baneling x5  
  198  11:43  Zergling x2  
  198  11:44  Zergling x22  
  198  11:46  Baneling x8  
  198  11:50  Zergling x8  
  187  11:56  Hatchery  
  187  11:59  Baneling x7  
  178  12:01  Zergling x2  
  178  12:02  Zergling x16  
  183  12:13  Zergling x14  
  190  12:15  Baneling x6  
  190  12:16  Baneling x8  
  190  12:17  Baneling x2  
  177  12:24  Zergling x18  
  167  12:32  Baneling  
  167  12:33  Baneling x5  
  167  12:35  Zergling x22  
  177  12:38  Baneling x7  
  177  12:42  Pneumatized Carapace  
  177  12:49  Zergling x20  
  187  12:52  Baneling x8  
  187  13:04  Zerg Ground Armor Level 3  
  186  13:08  Zergling x22  
  194  13:14  Drone x6  
  194  13:17  Drone  
  194  13:18  Drone x2  
  196  13:20  Baneling x3  
  196  13:30  Baneling  
  196  13:31  Baneling x4  
  196  13:32  Zergling x12  
  200  13:36  Adrenal Glands  
  184  13:58  Zergling x38  
  183  14:05  Baneling x8  
  183  14:06  Zergling x2  
  183  14:07  Zergling x10  
  183  14:08  Zergling x2  
  188  14:18  Zergling x10  
  186  14:28  Hatchery, Baneling x10  
  185  14:36  Baneling x7  
  183  14:42  Zergling x16  
  191  14:57  Baneling x5  
  191  14:59  Zergling x20  
  200  15:00  Hatchery  
  200  15:04  Baneling x13  
  198  15:08  Baneling x7  
  192  15:17  Zergling x8  
  192  15:18  Zergling x10  
  188  15:22  Baneling x7  
  188  15:23  Baneling  
  174  15:32  Zergling x22  
Tags
 
Add a new tag
Caveats
  • Supply blocks, unpowered buildings, or Contaminate may cause inaccurate times.
  • Supply counts are checked every 10 seconds.